A+ CENTRAL
CEDAR RAPIDS KERNELS @ QUAD CITIES RIVER BANDITS
04/18/2042
 
TOP OF THE 1ST
Cedar Rapids Kernels batting - Pitching for Quad Cities River Bandits : RHP Dave Austin
Pitching: RHP Dave Austin
Batting: RHB Luis Sadoval 0-0: Ball
1-0: Bunted foul
1-1: Ball
2-1: Ball
3-1: Foul Ball, location: 5F
3-2: Base on Balls
Batting: RHB Héctor Vázquez 0-0: Ball
1-0: DOUBLE (Flyball, 89XD, EV 104.4 MPH)
Luis Sadoval to third
Runner from 3rd tries for Home, SAFE, throw by CF to trailing runner, SAFE at third!
Batting: RHB Quintin Thatcher 0-0: Ball
1-0: Ball
2-0: Ball
Wild Pitch!
Héctor Vázquez scores
3-0: Base on Balls
Batting: LHB Bernardo Contreras 0-0: Swinging Strike
0-1: Ball
1-1: Foul Ball, location: 2F
1-2: Foul Ball, location: 7LMF
1-2: Grounds into double play, 6-4-3 (Groundball, 6, EV 81.3 MPH)
Batting: RHB Tony Kimball 0-0: Called Strike
0-1: Called Strike
0-2: Ball
1-2: Ball
2-2: TRIPLE (Flyball, 9LD, EV 92.5 MPH)
Batting: SHB José Guzmán 0-0: Ball
1-0: Ground out 3-1 (Groundball, 34S, EV 81.3 MPH)
Top of the 1st over - 2 runs, 2 hits, 0 errors, 1 left on base; Cedar Rapids 2 - Quad Cities 0
BOTTOM OF THE 1ST
Quad Cities River Bandits batting - Pitching for Cedar Rapids Kernels : LHP Ezra Britton
Pitching: LHP Ezra Britton
Batting: RHB Jorge Moreno 0-0: Called Strike
0-1: Foul Ball, location: 7LDF
0-2: Foul Ball, location: 5F
0-2: Foul Ball, location: 2F
0-2: Ball
1-2: Foul Ball, location: 2F
1-2: Fly out, F4 (Popup, 4, EV 71.9 MPH)
Batting: RHB Dave Stone 0-0: SOLO HOME RUN (Flyball, 78XD, EV 102.5 MPH), Distance : 401 ft
Batting: RHB Ron May 0-0: Foul Ball, location: 3SF
0-1: Ball
1-1: TRIPLE (Flyball, 78XD, EV 94.4 MPH)
Batting: LHB Joe Barber 0-0: Ball
1-0: Ball
2-0: Swinging Strike
2-1: Fly out, F4 (Popup, 4, EV 53.8 MPH)
Batting: SHB Jim Baker 0-0: Ball
1-0: Foul Ball, location: 2F
1-1: Foul Ball, location: 5FF
1-2: Ball
2-2: Ball
3-2: Fly out, F9 (Flyball, 9S, EV 91.3 MPH)
Bottom of the 1st over - 1 run, 2 hits, 0 errors, 1 left on base; Cedar Rapids 2 - Quad Cities 1
TOP OF THE 2ND
Cedar Rapids Kernels batting - Pitching for Quad Cities River Bandits : RHP Dave Austin
Batting: SHB Juan López 0-0: Ball
1-0: Fly out, F9 (Flyball, 89M, EV 82.5 MPH)
Batting: RHB Fytor Valena 0-0: Called Strike
0-1: SINGLE (Groundball, 6, EV 80.6 MPH)
Batting: RHB Rubén Serrano 0-0: Swinging Strike
0-1: Ball
1-1: Called Strike
1-2: Foul Ball, location: 2F
1-2: Strikes out swinging
Batting: RHB Luis Sadoval 0-0: SINGLE (Groundball, 4MS, EV 71.9 MPH) (infield hit)
Fytor Valena to second
Batting: RHB Héctor Vázquez 0-0: Called Strike
0-1: Foul Ball, location: 2F
0-2: Ball
1-2: Ball
2-2: Ball
3-2: Ground out 3-1 (Groundball, 13, EV 89.4 MPH)
Top of the 2nd over - 0 runs, 2 hits, 0 errors, 2 left on base; Cedar Rapids 2 - Quad Cities 1
BOTTOM OF THE 2ND
Quad Cities River Bandits batting - Pitching for Cedar Rapids Kernels : LHP Ezra Britton
Batting: LHB Jonathan Pearson 0-0: Ball
1-0: Foul Ball, location: 7LSF
1-1: Ball
2-1: Fly out, F6 (Line Drive, 6D, EV 63.1 MPH)
Batting: RHB Juan Rivera 0-0: Ball
1-0: Called Strike
1-1: Called Strike
1-2: SINGLE (Line Drive, 56D, EV 71.3 MPH)
Batting: RHB Juan Carlos Ochoa 0-0: Called Strike
0-1: Ball
1-1: Fly out, F9 (Flyball, 89S, EV 85.0 MPH)
Batting: RHB Ánibal Viera 0-0: Called Strike
0-1: Ball
1-1: Ball
2-1: Ground out U3 (Groundball, 34, EV 101.3 MPH)
Bottom of the 2nd over - 0 runs, 1 hit, 0 errors, 1 left on base; Cedar Rapids 2 - Quad Cities 1
TOP OF THE 3RD
Cedar Rapids Kernels batting - Pitching for Quad Cities River Bandits : RHP Dave Austin
Batting: RHB Quintin Thatcher 0-0: Swinging Strike
0-1: Ball
1-1: Ball
2-1: Ball
3-1: Ground out 6-3 (Groundball, 6, EV 109.4 MPH)
Batting: LHB Bernardo Contreras 0-0: Ball
1-0: Called Strike
1-1: Ball
2-1: Swinging Strike
2-2: Foul Ball, location: 7LMF
2-2: Strikes out looking
Batting: RHB Tony Kimball 0-0: Ball
1-0: Ball
2-0: Foul Ball, location: 25F
2-1: Foul Ball, location: 2F
2-2: Strikes out looking
Top of the 3rd over - 0 runs, 0 hits, 0 errors, 0 left on base; Cedar Rapids 2 - Quad Cities 1
BOTTOM OF THE 3RD
Quad Cities River Bandits batting - Pitching for Cedar Rapids Kernels : LHP Ezra Britton
Batting: RHB Jorge Moreno 0-0: Ball
1-0: Ball
2-0: Ground out 3-1 (Groundball, 34, EV 89.4 MPH)
Batting: RHB Dave Stone 0-0: Ground out 6-3 (Groundball, 6, EV 88.8 MPH)
Batting: RHB Ron May 0-0: Foul Ball, location: 2F
0-1: Swinging Strike
0-2: Ball
1-2: Ball
2-2: Foul Ball, location: 5FF
2-2: Ball
3-2: Fly out, F8 (Line Drive, 8RD, EV 88.8 MPH)
Bottom of the 3rd over - 0 runs, 0 hits, 0 errors, 0 left on base; Cedar Rapids 2 - Quad Cities 1
TOP OF THE 4TH
Cedar Rapids Kernels batting - Pitching for Quad Cities River Bandits : RHP Dave Austin
Batting: SHB José Guzmán 0-0: Called Strike
0-1: Ground out 6-3 (Groundball, 6M, EV 98.8 MPH)
Batting: SHB Juan López 0-0: Foul Ball, location: 5SF
0-1: Ball
1-1: Ball
2-1: DOUBLE (Line Drive, 8LD, EV 106.3 MPH) - OUT at third base trying to stretch hit.
Batting: RHB Fytor Valena 0-0: Foul Ball, location: 2F
0-1: Ball
1-1: Foul Ball, location: 2F
1-2: Ball
2-2: Ground out 5-3 (Groundball, 56, EV 81.9 MPH)
Top of the 4th over - 0 runs, 1 hit, 0 errors, 0 left on base; Cedar Rapids 2 - Quad Cities 1
BOTTOM OF THE 4TH
Quad Cities River Bandits batting - Pitching for Cedar Rapids Kernels : LHP Ezra Britton
Batting: LHB Joe Barber 0-0: Ball
1-0: Foul Ball, location: 3FF
1-1: Fly out, F7 (Flyball, 7, EV 92.5 MPH)
Batting: SHB Jim Baker 0-0: Called Strike
0-1: Foul Ball, location: 2F
0-2: Ball
1-2: Foul Ball, location: 9LSF
1-2: Fly out, F3 (Popup, 3, EV 66.9 MPH)
Batting: LHB Jonathan Pearson 0-0: Called Strike
0-1: Ball
1-1: Called Strike
1-2: Fly out, F8 (Flyball, 89D, EV 98.1 MPH)
Bottom of the 4th over - 0 runs, 0 hits, 0 errors, 0 left on base; Cedar Rapids 2 - Quad Cities 1
TOP OF THE 5TH
Cedar Rapids Kernels batting - Pitching for Quad Cities River Bandits : RHP Dave Austin
Batting: RHB Rubén Serrano 0-0: Ball
1-0: Ball
2-0: Ball
3-0: Called Strike
3-1: SINGLE (Line Drive, 6MD, EV 72.5 MPH)
Batting: RHB Luis Sadoval 0-0: Sac Bunt to P - play at first, batter OUT! 1-4
Rubén Serrano to second
Batting: RHB Héctor Vázquez 0-0: Ball
1-0: Ball
2-0: Called Strike
2-1: Foul Ball, location: 23FF
2-2: Foul Ball, location: 5FF
2-2: Foul Ball, location: 2F
2-2: Foul Ball, location: 9LDF
2-2: Ground out 6-3 (Groundball, 6S, EV 75.0 MPH)
Batting: RHB Quintin Thatcher 0-0: Called Strike
0-1: Foul Ball, location: 3FF
0-2: Ball
1-2: Strikes out looking
Top of the 5th over - 0 runs, 1 hit, 0 errors, 1 left on base; Cedar Rapids 2 - Quad Cities 1
BOTTOM OF THE 5TH
Quad Cities River Bandits batting - Pitching for Cedar Rapids Kernels : LHP Ezra Britton
Batting: RHB Juan Rivera 0-0: Called Strike
0-1: Foul Ball, location: 2F
0-2: Foul Ball, location: 2RF
0-2: Ground out U3 (Groundball, 3L, EV 97.5 MPH)
Batting: RHB Juan Carlos Ochoa 0-0: Ball
1-0: Foul Ball, location: 9LMF
1-1: Swinging Strike
1-2: Fly out, F8 (Flyball, 8LM, EV 91.9 MPH)
Batting: RHB Ánibal Viera 0-0: Foul Ball, location: 2F
0-1: Foul Ball, location: 9LMF
0-2: Ball
1-2: Strikes out swinging
Bottom of the 5th over - 0 runs, 0 hits, 0 errors, 0 left on base; Cedar Rapids 2 - Quad Cities 1
TOP OF THE 6TH
Cedar Rapids Kernels batting - Pitching for Quad Cities River Bandits : RHP Dave Austin
Batting: LHB Bernardo Contreras 0-0: Ball
1-0: Swinging Strike
1-1: Called Strike
1-2: Strikes out looking
Batting: RHB Tony Kimball 0-0: Ball
1-0: Called Strike
1-1: Ball
2-1: Ball
3-1: Foul Ball, location: 5FF
3-2: Fly out, F8 (Flyball, 8LXD, EV 99.4 MPH)
Batting: SHB José Guzmán 0-0: Called Strike
0-1: Called Strike
0-2: Foul Ball, location: 2F
0-2: Ball
1-2: Fly out, F6 (Popup, 6M, EV 62.5 MPH)
Top of the 6th over - 0 runs, 0 hits, 0 errors, 0 left on base; Cedar Rapids 2 - Quad Cities 1
BOTTOM OF THE 6TH
Quad Cities River Bandits batting - Pitching for Cedar Rapids Kernels : LHP Ezra Britton
Batting: RHB Jorge Moreno 0-0: Ball
1-0: Ball
2-0: Foul Ball, location: 2F
2-1: Ball
3-1: Called Strike
3-2: Strikes out swinging
Batting: RHB Dave Stone 0-0: Ball
1-0: Ball
2-0: Called Strike
2-1: Ground out 4-3 (Groundball, 4, EV 90.0 MPH)
Batting: RHB Ron May 0-0: Swinging Strike
0-1: Foul Ball, location: 2F
0-2: Fly out, F4 (Popup, 4, EV 73.8 MPH)
Bottom of the 6th over - 0 runs, 0 hits, 0 errors, 0 left on base; Cedar Rapids 2 - Quad Cities 1
TOP OF THE 7TH
Cedar Rapids Kernels batting - Pitching for Quad Cities River Bandits : RHP Dave Austin
Pitching: LHP Bob Foster
Batting: SHB Juan López 0-0: Ball
1-0: Foul Ball, location: 3F
1-1: Fly out, F6 (Popup, P, EV 78.8 MPH)
Batting: RHB Fytor Valena 0-0: Ball
1-0: Called Strike
1-1: Ball
2-1: Ground out 4-3 (Groundball, 4S, EV 83.8 MPH)
Batting: RHB Rubén Serrano 0-0: Ball
1-0: Ground out 1-3 (Groundball, 15, EV 68.1 MPH)
Top of the 7th over - 0 runs, 0 hits, 0 errors, 0 left on base; Cedar Rapids 2 - Quad Cities 1
BOTTOM OF THE 7TH
Quad Cities River Bandits batting - Pitching for Cedar Rapids Kernels : LHP Ezra Britton
Pinch Hitting: RHB Joe Gregory 0-0: Called Strike
0-1: SINGLE (Line Drive, 8RS, EV 103.1 MPH)
Batting: SHB Jim Baker
Pinch Hitting: RHB Billy Landry 0-0: Ball
1-0: Foul Ball, location: 9LMF
1-1: Fly out, F7 (Flyball, 7D, EV 101.3 MPH)
Pitching: RHP Max Johnson
Batting: LHB Jonathan Pearson 0-0: Called Strike
0-1: Called Strike
0-2: Strikes out swinging
Batting: RHB Juan Rivera 0-0: Swinging Strike
0-1: Ball
1-1: Ball
2-1: Ball
3-1: Swinging Strike
3-2: 2-RUN HOME RUN (Flyball, 7D, EV 95.0 MPH), Distance : 386 ft
Batting: RHB Juan Carlos Ochoa 0-0: Ball
1-0: SINGLE (Flyball, 78S, EV 86.9 MPH)
Batting: RHB Ánibal Viera 0-0: Ball
1-0: Swinging Strike
1-1: Ball
2-1: Called Strike
2-2: Foul Ball, location: 2F
2-2: Strikes out looking
Bottom of the 7th over - 2 runs, 3 hits, 0 errors, 1 left on base; Cedar Rapids 2 - Quad Cities 3
TOP OF THE 8TH
Cedar Rapids Kernels batting - Pitching for Quad Cities River Bandits : LHP Bob Foster
Now at 3B: Jorge Moreno
Now at SS: Joe Gregory
Now in LF: Tony Cruz
Batting: RHB Luis Sadoval 0-0: Ball
1-0: Called Strike
1-1: Ground out 6-3 (Groundball, 56, EV 84.4 MPH)
Batting: RHB Héctor Vázquez 0-0: Swinging Strike
0-1: Ball
1-1: Swinging Strike
1-2: Foul Ball, location: 9LMF
1-2: Ball
2-2: Strikes out swinging
Batting: RHB Quintin Thatcher 0-0: Ball
1-0: Swinging Strike
1-1: Ball
2-1: Foul Ball, location: 5F
2-2: Ball
3-2: Fly out, F6 (Popup, 6S, EV 73.1 MPH)
Top of the 8th over - 0 runs, 0 hits, 0 errors, 0 left on base; Cedar Rapids 2 - Quad Cities 3
BOTTOM OF THE 8TH
Quad Cities River Bandits batting - Pitching for Cedar Rapids Kernels : RHP Max Johnson
Batting: RHB Jorge Moreno 0-0: Ball
1-0: Ball
2-0: Called Strike
2-1: Foul Ball, location: 9LDF
2-2: Foul Ball, location: 3F
2-2: DOUBLE (Line Drive, 9LM, EV 100.6 MPH)
Batting: SHB Kevin Payne 0-0: Foul Ball, location: 2F
0-1: Foul Ball, location: 7LMF
0-2: Foul Ball, location: 2F
0-2: Foul Ball, location: 7LMF
0-2: Ball
1-2: Foul Ball, location: 23FF
1-2: Ball
2-2: Ground out 2-3 (Groundball, 13S, EV 74.4 MPH)
Batting: RHB Ron May 0-0: Ball
1-0: Fly out, F7 (Flyball, 78M, EV 78.1 MPH)
Batting: RHB Joe Gregory 0-0: Called Strike
0-1: Ball
1-1: Foul Ball, location: 2F
1-2: Strikes out swinging
Bottom of the 8th over - 0 runs, 1 hit, 0 errors, 1 left on base; Cedar Rapids 2 - Quad Cities 3
TOP OF THE 9TH
Cedar Rapids Kernels batting - Pitching for Quad Cities River Bandits : LHP Bob Foster
Pitching: RHP Chris Gaines
Batting: LHB Bernardo Contreras 0-0: Swinging Strike
0-1: Called Strike
0-2: Ball
1-2: Foul Ball, location: 7LSF
1-2: Strikes out swinging
Batting: RHB Tony Kimball 0-0: Ball
1-0: Swinging Strike
1-1: Swinging Strike
1-2: Ball
2-2: Foul Ball, location: 25F
2-2: Ball
3-2: Strikes out swinging
Batting: SHB José Guzmán 0-0: Called Strike
0-1: Ball
1-1: Fly out, F7 (Flyball, 7S, EV 96.3 MPH)
Top of the 9th over - 0 runs, 0 hits, 0 errors, 0 left on base; Cedar Rapids 2 - Quad Cities 3
Friday, May 3rd , 2024 - OOTP Baseball 24.10 Build 82